 Dungeon Crawl Stone Soup version 0.21.0-3-g78d12a8 (webtiles) character file.

816 asthiss the Fighter (level 7, -10/68 HPs)
             Began as a Minotaur Fighter on Jan 10, 2018.
             Was a Follower of Makhleb.
             Mangled by an ogre
             ... wielding a +0 giant spiked club
              (17 damage)
             ... on level 5 of the Dungeon.
             The game lasted 00:18:58 (3437 turns).

asthiss the Fighter (Minotaur Fighter)              Turns: 3437, Time: 00:18:58

Health: -10/68     AC:  6    Str: 21    XL:     7   Next: 62%
Magic:  6/6        EV:  8    Int:  5    God:    Makhleb [*.....]
Gold:   139        SH:  9    Dex: 13    Spells: 6/6 levels left

rFire    . . .     SeeInvis .   a - +2 long sword
rCold    . . .     Gourm    .   c - +0 shield
rNeg     . . .     Faith    .   k - +1 ring mail
rPois    .         Spirit   .   (helmet restricted)
rElec    .         Reflect  .   (no cloak)
rCorr    .         Harm     .   (no gloves)
MR       .....                  i - -2 pair of boots (curse)
Stlth    +.........             (no amulet)
HPRegen  0.21/turn              (no ring)
MPRegen  0.10/turn              (no ring)

@: no status effects
A: retaliatory headbutt, horns 2, agile 1, wild magic 1
a: Renounce Religion


You were on level 5 of the Dungeon.
You worshipped Makhleb.
Makhleb was aware of your devotion.
You were not hungry.

You visited 1 branch of the dungeon, and saw 5 of its levels.
You also visited: Sewer.

You collected 139 gold pieces.

Inventory:

Hand Weapons
 a - a +2 long sword (weapon)
Missiles
 b - a throwing net (quivered)
Armour
 c - a +0 shield (worn)
 i - a cursed -2 pair of boots (worn)
 k - a +1 ring mail (worn)
Wands
 l - a wand of polymorph (10)
 m - a wand of iceblast (5)
Scrolls
 g - a scroll of identify
 j - 5 scrolls of teleportation
 n - a scroll of fear
 o - a scroll of amnesia
 p - a scroll of magic mapping
Potions
 d - 2 potions of might
 e - a potion of invisibility
 h - 2 potions of haste
 r - a potion of curing
Comestibles
 f - 7 rations
 q - 4 chunks of flesh


   Skills:
 * Level 8.0 Fighting
 * Level 7.5 Long Blades
 - Level 3.9 Armour
 - Level 3.8 Shields


You had 6 spell levels left.
You didn't know any spells.

Dungeon Overview and Level Annotations

Branches:
Dungeon (5/15)
 Temple: D:4-7

Altars:
Makhleb
Nemelex Xobeh
Uskayaw
Zin

Shops:
D:4 *


Innate Abilities, Weirdness & Mutations

You reflexively headbutt those who attack you in melee.
You have a pair of horns on your head.
You are agile. (Dex +2)
Your spells are a little harder to cast, but a little more powerful.


Message History

The phantom blinks!
You are too injured to fight recklessly!
An ogre is nearby!
Unknown command.
You hit the ogre but do no damage. Your headbutt misses the ogre.
The ogre is severely wounded.
The ogre barely misses you.
You hit the ogre.
The ogre is severely wounded.
You barely miss the ogre.
The ogre is severely wounded.
The ogre completely misses you.
You barely miss the ogre. Your headbutt misses the ogre.
The ogre is severely wounded.
The ogre hits you with a giant spiked club!!
* * * LOW HITPOINT WARNING * * *
You hit the ogre. You headbutt the ogre.
The ogre is almost dead.
The ogre hits you with a giant spiked club!
You die...

#.. # ... ####.. ##. ...
######..... ...#..
##....)..... #.#..
##.....#..... #.... ###
##......#..... ##...
#.###.......##...#
#....##.##..###.####...#
#....WO@...## #.##....##
.......##.#).#
##.##...... ...##..
#...## #..##...... .
#..##..## ##.###......
...#...# #^.##.......
#..##..#####.#.........
### #.## #......##.....
#.# #...##.###....?
###...#. #.# ######


You could see a phantom and an ogre.

Vanquished Creatures
  Sigmund (D:3)
  Purgy (Sewer)
  2 ogres
  A crimson imp (D:4)
  A hound (D:2)
  An orc priest (D:4)
  An orc wizard (D:4)
  A bullfrog skeleton (D:4)
  5 worker ants
  5 adders
  An adder skeleton (D:4)
  2 worms
  4 leopard geckos
  3 orcs (D:4)
  4 giant cockroaches
  12 goblins
  7 hobgoblins
  A quokka (D:2)
  6 bats
  7 frilled lizards
  14 kobolds
  4 rats
84 creatures vanquished.

Notes
Turn   | Place    | Note
-------+----------+-------------------------------------------
     0 | D:1      | asthiss the Minotaur Fighter began the quest for the Orb.
     0 | D:1      | Reached XP level 1. HP: 19/19 MP: 0/0
   497 | D:1      | Reached XP level 2. HP: 27/27 MP: 1/1
   930 | D:2      | Reached skill level 4 in Fighting
   991 | D:2      | Reached XP level 3. HP: 23/33 MP: 2/2
  1609 | D:2      | Reached XP level 4. HP: 36/41 MP: 3/3
  1777 | D:3      | Reached skill level 5 in Fighting
  1846 | D:3      | Found a sparkling altar of Nemelex Xobeh.
  1907 | D:3      | Noticed Sigmund
  1915 | D:3      | Killed Sigmund
  1915 | D:3      | Reached skill level 6 in Fighting
  1915 | D:3      | Reached skill level 5 in Long Blades
  1915 | D:3      | Reached XP level 5. HP: 34/50 MP: 4/4
  1915 | D:3      | Reached XP level 6. HP: 39/57 MP: 5/5
  1935 | D:3      | Found a glowing silver altar of Zin.
  1943 | D:3      | Found a burning altar of Makhleb.
  1948 | D:3      | Became a worshipper of Makhleb the Destroyer
  1952 | D:3      | Found a hide-covered altar of Uskayaw.
  2178 | D:4      | Found Ciabacw's Assorted Antiques.
  2325 | D:4      | Found a glowing drain.
  2332 | D:4      | Reached skill level 7 in Fighting
  2415 | Sewer    | Entered a sewer
  2445 | Sewer    | Gained mutation: You are occasionally teleported next to monsters. [potion of mutation]
  2445 | Sewer    | Lost mutation: You are occasionally teleported next to monsters. [potion of mutation]
  2445 | Sewer    | Gained mutation: Your spells are a little harder to cast, but a little more powerful. [potion of mutation]
  2445 | Sewer    | Gained mutation: You are agile. (Dex +2) [potion of mutation]
  2527 | Sewer    | Reached * piety under Makhleb
  2531 | Sewer    | Noticed Purgy
  2538 | Sewer    | Killed Purgy
  2538 | Sewer    | Reached XP level 7. HP: 60/66 MP: 6/6
  3319 | D:5      | Entered Level 5 of the Dungeon
  3416 | D:5      | Reached skill level 8 in Fighting
  3437 | D:5      | Mangled by an ogre

Skill      XL: |  1  2  3  4  5  6  7 |
---------------+----------------------+-----
Fighting       | 4 6 7 8 |  8.0
Long Blades    | 3 4 5 6 7 |  7.5
Armour         | |  3.9
Shields        | |  3.8

Action                   |  1- 3 |  4- 6 |  7- 9 || total
-------------------------+-------+-------+-------++-------
Melee: Long sword        |    66 |    95 |    51 ||   212
       Headbutt          |     7 |    23 |    11 ||    41
Throw: Throwing net      |       |       |     1 ||     1
  Use: Scroll            |     6 |     3 |     2 ||    11
       Potion            |     4 |     1 |     1 ||     6
  Eat: Ration            |     1 |       |       ||     1
       Chunk             |       |     2 |     3 ||     5
Armor: Scale mail        |    38 |    35 |     6 ||    79
       Ring mail         |       |       |     7 ||     7
Dodge: Dodged            |    25 |    25 |    11 ||    61
Block: Shield            |    45 |    43 |    17 ||   105
       Rpst.: Long sword |     2 |     6 |     1 ||     9
